 Dungeon Crawl Stone Soup version 0.29.1-15-g9cfb28693d (webtiles) character file.

Game seed: 10820002318738450669

216249 leetdood the Peltast (level 18, -1/174 HPs)
             Began as a Minotaur Fighter on Mar 10, 2023.
             Was the Champion of Okawaru.
             Slain by a jumping spider simulacrum (11 damage)
             ... on level 4 of the Spider Nest.
             The game lasted 02:18:40 (26280 turns).

leetdood the Peltast (Minotaur Fighter)            Turns: 26280, Time: 02:18:41

Health: -1/174     AC: 51    Str: 35    XL:     18   Next: 35%
Magic:  24/24      EV: 11    Int:  5    God:    Okawaru [******]
Gold:   3734       SH: 18    Dex: 13    Spells: 17/17 levels left

rFire   + + .      SeeInvis +   Z - +6 broad axe (flame)
rCold   . . .      Faith    .   g - +2 kite shield {AC+3}
rNeg    . . .      Spirit   .   W - +15 Maxwell's patent armour {-Cast -Tele rElec Will+ rCorr}
rPois   +          Reflect  .   p - +0 hat of Talesafa {rF+ SInv Stlth+}
rElec   +          Harm     .   n - +2 cloak {Will+}
rCorr   +          Rampage  .   b - +3 pair of gauntlets of War {Slay+5}
Will    +++..      NoTele   +   B - +1 pair of boots "Bograck" {Str+5 Slay-6}
Stlth   .......... NoCast   +   K - amulet of regeneration
HPRegen 1.19/turn               M - ring of poison resistance
MPRegen 0.19/turn               E - ring "Usetudgh" {Drain rF+ rCorr Dex+4}

@: heroic, finesse-ful
A: horns 2, retaliatory headbutt
}: 1/15 runes: decaying
a: Renounce Religion, Heroism, Finesse, Duel


You were on level 4 of the Spider Nest.
You worshipped Okawaru.
Okawaru was exalted by your worship.
You visited 6 branches of the dungeon, and saw 31 of its levels.
You also visited: Sewer.

You collected 4174 gold pieces.
You spent 440 gold pieces at shops.

Inventory:

Hand Weapons
 Z - a +6 broad axe of flaming (weapon)
Missiles
 j - 20 javelins
 m - 31 boomerangs (quivered)
 w - 2 atropa-tipped darts
 S - 13 curare-tipped darts
 U - 8 silver javelins
Armour
 b - the +3 pair of gauntlets of War (worn) {Slay+5}
   (You acquired it on level 8 of the Dungeon)

   Slay:      It affects your accuracy & damage with ranged weapons and melee
   (+5).
 g - a +2 kite shield of protection (worn)
 n - a +2 cloak of willpower (worn)
 p - the +0 hat of Talesafa (worn) {rF+ SInv Stlth+}
   (Okawaru gifted it to you on level 14 of the Dungeon)

   rF:        It protects you from fire.
   SInv:      It lets you see invisible.
   Stlth:     It makes you more stealthy.
 B - the +1 pair of boots "Bograck" (worn) {Str+5 Slay-6}
   (Okawaru gifted it to you on level 1 of the Lair of Beasts)

   Str:       It affects your strength (+5).
   Slay:      It affects your accuracy & damage with ranged weapons and melee
   (-6).
 C - the +13 plate armour of the Bard {Str+3}
   (Okawaru gifted it to you on level 2 of the Swamp)

   Str:       It affects your strength (+3).
 W - the +15 Maxwell's patent armour (worn) {-Cast -Tele rElec Will+ rCorr}
   (You acquired it on level 9 of the Dungeon)

   rElec:     It insulates you from electricity.
   -Cast:     It prevents spellcasting.
   -Tele:     It prevents most forms of teleportation.
   rCorr:     It protects you from acid and corrosion.
   Will:      It increases your willpower.
Jewellery
 c - a +6 ring of intelligence
 o - a ring of protection from fire
 y - a +4 ring of slaying
 E - the ring "Usetudgh" (right hand) {Drain rF+ rCorr Dex+4}
   (You took it off a gnoll on level 5 of the Dungeon)

   [ring of resist corrosion]

   Dex:       It affects your dexterity (+4).
   rF:        It protects you from fire.
   rCorr:     It protects you from acid and corrosion.
   Drain:     It drains your maximum health when unequipped.
 K - an amulet of regeneration (around neck)
 M - a ring of poison resistance (left hand)
 T - a ring of positive energy
 V - a ring of protection from fire
Wands
 h - a wand of digging (11)
 k - a wand of iceblast (45)
 v - a wand of polymorph (3)
 D - a wand of mindburst (22)
 G - a wand of flame (52)
 I - a wand of acid (25)
 P - a wand of paralysis (10)
Scrolls
 a - 5 scrolls of fog
 f - 3 scrolls of amnesia
 i - 4 scrolls of magic mapping
 l - 2 scrolls of enchant armour
 q - 13 scrolls of teleportation
 t - 4 scrolls of brand weapon
 u - 7 scrolls of blinking
 z - 5 scrolls of enchant weapon
 J - a scroll of poison
 Q - 3 scrolls of fear
 Y - 2 scrolls of silence
Potions
 d - 6 potions of might
 e - 6 potions of brilliance
 r - 6 potions of haste
 s - 18 potions of curing
 A - 4 potions of heal wounds
 F - 5 potions of cancellation
 H - a potion of resistance
 L - 6 potions of flight
 N - a potion of invisibility
 O - 4 potions of berserk rage
 R - a potion of ambrosia
 X - 9 potions of magic


   Skills:
 + Level 18.8(23.8) Fighting
 - Level 18.0(23.0) Axes
 - Level 10.0(15.0) Throwing
 + Level 18.9(23.9) Armour
 + Level 18.9(23.9) Shields
 - Level 10.0 Invocations
 - Level 5.0 Evocations


You had 17 spell levels left.
You didn't know any spells.
Your spell library contained the following spells:

 Spells                   Type           Power      Damage    Failure   Level
 Beastly Appendage        Tmut           0%         N/A       86%         1
 Necrotise                Necr           0%         1d4       86%         1
 Sandblast                Erth           0%         2d4       86%         1
 Shock                    Conj/Air       0%         1d3       86%         1
 Passwall                 Tmut/Erth      0%         N/A       95%         2
 Poisonous Vapours        Pois/Air       0%         N/A       95%         2
 Static Discharge         Conj/Air       0%         3-3/arc   95%         2
 Wereblood                Tmut           0%         N/A       95%         2
 Frozen Ramparts          Ice            0%         1d1       99%         3
 Gell's Gravitas          Tloc           0%         N/A       99%         3
 Ignite Poison            Fire/Tmut/Pois 0%         N/A       99%         3
 Lesser Beckoning         Tloc           0%         N/A       99%         3
 Spider Form              Tmut/Pois      0%         N/A       99%         3
 Stone Arrow              Conj/Erth      0%         3d7       99%         3
 Swiftness                Air            0%         N/A       99%         3
 Teleport Other           Tloc           0%         N/A       99%         3
 Vampiric Draining        Necr           0%         2d6       99%         3
 Airstrike                Air            0%         2d(0-16)  100%        4
 Anguish                  Hex/Necr       0%         N/A       100%        4
 Cause Fear               Hex            0%         N/A       100%        4
 Corpse Rot               Necr/Pois/Air  0%         N/A       100%        4
 Dispel Undead            Necr           0%         3d6       100%        4
 Ice Form                 Ice/Tmut       0%         N/A       100%        4
 Sticky Flame             Conj/Fire      0%         2d3       100%        4
 Agony                    Necr           0%         N/A       100%        5
 Lightning Bolt           Conj/Air       0%         1d11      100%        5
 Starburst                Conj/Fire      0%         6d3       100%        6
 Maxwell's Capacitive Co  Air            0%         ∞         100%        8
 Summon Guardian Golem    Hex/Summ       Unusable   N/A       N/A         3
 Summon Ice Beast         Ice/Summ       Unusable   N/A       N/A         4
 Malign Gateway           Summ/Tloc      Unusable   N/A       N/A         7

Dungeon Overview and Level Annotations

Branches:
Dungeon (15/15)            Temple (1/1) D:7            Lair (5/5) D:10
  Swamp (4/4) Lair:2       Spider (4/4) Lair:3        Slime (0/5) Lair:4
    Orc (2/2) D:11            Elf (0/3) Orc:2        Vaults (0/5) D:13
 Depths (0/4) D:15          Sewer (visited)

Altars:
Ashenzari
Cheibriados
Elyvilon
Gozag
Hepliaklqana
Kikubaaqudgha
Makhleb
Nemelex Xobeh
Okawaru
Qazlal
Ru
Sif Muna
Trog
Uskayaw
Vehumet
Xom
Jiyva

Shops:
D:2 =   D:8 ?   Orc:2 [(*(


Innate Abilities, Weirdness & Mutations

You have a pair of horns on your head.
You reflexively headbutt those who attack you in melee.


Message History

You hear a faint skittering sound.
The broodmother summons spiders!
You slice the jumping spider!! You burn the jumping spider.
You kill the jumping spider!
Okawaru accepts your kill.
You slice the orb spider simulacrum!!
You melt the orb spider simulacrum.
The orb spider simulacrum vaporises!
A freezing mist starts to gather...
A jumping spider simulacrum comes into view.
A jumping spider comes into view.
You block the jumping spider simulacrum's attack. x2
A culicivora comes into view.
The orb spider weaves a glowing orb of energy.
You block the jumping spider simulacrum's attack. x2
The culicivora moves out of view.
An orb of destruction comes into view.
The jumping spider simulacrum attacks as you move away!
The jumping spider simulacrum pounces on you but does no damage.
You block the jumping spider simulacrum's attack.
The broodmother summons spiders!
The jumping spider leaps!
The jumping spider simulacrum pounces on you but does no damage.
The jumping spider simulacrum bites you but does no damage.
The jumping spider simulacrum attacks as you move away!
You block the jumping spider simulacrum's attack.
The jumping spider simulacrum barely misses you.
The broodmother summons spiders!
The orb of destruction hits you!!!
* * * LOW HITPOINT WARNING * * *
The jumping spider simulacrum attacks as you move away!
The jumping spider simulacrum pounces on you but does no damage.
You block the jumping spider simulacrum's attack.
The jumping spider simulacrum attacks as you move away!
The jumping spider simulacrum closely misses you.
The jumping spider simulacrum bites you but does no damage.
The jumping spider simulacrum misses you.
You furiously retaliate!
You headbutt the jumping spider simulacrum, but do no damage.
The jumping spider simulacrum bites you.
* * * LOW HITPOINT WARNING * * *
The jumping spider simulacrum freezes you!
You die...

........ ^.. ............. ##.##
.............# ###~~^##
..............# #..s.^.#
..............## #s...~#
...............###########ss.###
................#~.#†#^#s†s.~.~#
.#)................○.s..s#...#~..
......#.........@Z#.†○°s~#...# .
................#~^#.#.#s$..~^~#
...#...........###########~..###
..............## .....#
..............# ...~..
.............## ##s..###
.............# ##.##
...........#.# ..^..........#


You could see a broodmother (soul bound) and a jumping spider simulacrum.

Vanquished Creatures
  Rupert (D:13)
  Asterion (Spider:3)
  Agnes (Spider:3)
  2 fenstrider witches
  4 emperor scorpions
  A ghost moth (Spider:1)
  A war gargoyle (D:14)
  2 broodmothers
  The ghost of Ad1ctor the Severer, a journeyman MiBe of Trog (D:13)
  5 eleionomae
  Nessos (D:13)
  4 bunyips
  The ghost of Jogov the Destroyer, a journeyman DgHW (D:14)
  A spark wasp (Spider:3)
  A fire dragon (Lair:5)
  An ettin (Orc:2)
  6 shambling mangroves
  Josephine (Lair:4)
  The ghost of Lysca the Summoner, a journeyman FoSu of Gozag (D:12)
  A spriggan air mage (Swamp:2)
  26 hydras
  A rakshasa (D:15)
  8 boulder beetles
  A radroach (Spider:3)
  16 two-headed ogres
  The ghost of Baec Wov the Slicer, a journeyman VSFi of Makhleb (D:14)
  5 centaur warriors
  3 ghost crabs
  A jorogumo (Spider:1)
  5 alligators
  3 catoblepae
  An ogre mage (D:15)
  Urug (Lair:1)
  An orc high priest (Orc:1)
  Nergalle (Orc:1)
  4 skeletal warriors (D:15)
  Amaemon (Lair:1)
  Sonja (D:11)
  5 pharaoh ants
  5 steelbarb worms
  6 goliath frogs
  7 spriggan druids
  14 swamp dragons
  A glowing orange brain (D:15)
  3 bog bodies
  A wizard (D:15)
  9 orb spiders
  2 lindwurms (Lair:5)
  5 orc knights
  5 will-o-the-wisps
  19 ugly things
  2 moths of wrath
  3 manticores
  15 wolf spiders
  An orc sorcerer (Orc:1)
  2 cyclopes
  13 black mambas
  2 molten gargoyles (Lair:5)
  27 elephants
  14 cane toads
  5 torpor snails
  A moth of wrath (shapeshifter) (D:15)
  An orange demon (Lair:1)
  3 gargoyles (D:14)
  11 demonic crawlers
  3 rime drakes
  A freezing wraith (D:15)
  14 komodo dragons
  A tengu conjurer (D:8)
  5 trolls
  2 polar bears
  7 tyrant leeches
  12 meliai
  A merfolk (D:9)
  20 tarantellas
  18 hornets
  14 blink frogs
  16 dream sheep
  Grinder (D:5)
  18 slime creatures
  27 jumping spiders
  20 spriggans
  3 shadows
  3 wraiths (Lair:4)
  A vampire (D:9)
  5 wyverns
  10 culicivoras
  A spriggan (shapeshifter) (D:14)
  Eustachio (D:5)
  16 basilisks
  16 humans (D:13)
  75 yaks
  41 redbacks
  4 steam dragons
  7 vampire mosquitoes
  A harpy simulacrum (D:11)
  17 swamp worms
  4 wargs
  3 hell hounds (Lair:5)
  12 water moccasins
  9 swamp drakes
  3 ice beasts (D:8)
  2 sky beasts (D:8)
  31 orc warriors
  9 black bears
  A boggart (D:13)
  9 wolves
  7 ogres
  18 centaurs
  12 kobold brigands
  11 bullfrogs
  4 necrophages
  5 gnoll sergeants
  6 scorpions
  8 wights
  12 killer bees
  2 howler monkeys (D:8)
  2 electric eels
  A bullfrog zombie (D:4)
  4 lava snakes (Lair:5)
  A centaur zombie (D:4)
  A hound (D:6)
  A gnoll bouda (Lair:2)
  6 orc priests
  2 jellies
  2 iguanas
  Ijyb (D:5)
  18 orc wizards
  Terence (D:3)
  The ghost of leafyfresh the Sneak, a weakling OpDe (D:4)
  A hound skeleton (D:4)
  25 gnolls
  13 adders
  A shadow imp (D:5)
  A white imp (D:7)
  2 ufetubi
  6 worms
  5 dart slugs
  54 orcs
  5 bats
  11 endoplasms
  7 giant cockroaches
  3 goblins
  5 hobgoblins
  2 quokkas
  8 ball pythons
  A frilled lizard (D:1)
  17 kobolds
  10 rats
1066 creatures vanquished.

Vanquished Creatures (others)
  A spriggan druid (Swamp:2)
  2 bloated husks (Swamp:2)
  A tyrant leech (Swamp:4)
  A hornet (Swamp:2)
  A spriggan (Swamp:2)
  A redback (Spider:4)
  30 foxfires
  10 fungi
  28 plants
75 creatures vanquished.

Grand Total: 1141 creatures vanquished

Notes
Turn   | Place    | Note
-------+----------+-------------------------------------------
     0 | D:1      | leetdood the Minotaur Fighter began the quest for the Orb.
     0 | D:1      | Reached XP level 1. HP: 19/19 MP: 0/0
    75 | D:1      | Found a faded altar of an unknown god.
   129 | D:1      | Reached XP level 2. HP: 27/27 MP: 1/1
   603 | D:2      | Reached XP level 3. HP: 33/33 MP: 2/2
   876 | D:2      | Found Sumuuner's Jewellery Shop.
  1648 | D:3      | Reached XP level 4. HP: 40/40 MP: 3/3
  1732 | D:3      | Found a radiant altar of Vehumet.
  1733 | D:3      | Found a snail-covered altar of Cheibriados.
  1936 | D:3      | Noticed Terence
  1945 | D:3      | Killed Terence
  2179 | D:3      | Reached XP level 5. HP: 37/47 MP: 4/4
  2648 | D:4      | Found a burning altar of Makhleb.
  2677 | D:4      | Reached skill level 5 in Axes
  2832 | D:4      | Reached XP level 6. HP: 48/55 MP: 5/5
  3087 | D:4      | Reached skill level 5 in Fighting
  3247 | D:4      | Found an ancient bone altar of Kikubaaqudgha.
  3464 | D:4      | Reached skill level 5 in Armour
  3546 | D:4      | Found a runed translucent gate.
  3546 | D:4      | Found a runed translucent gate.
  3546 | D:4      | Found a runed translucent gate.
  3550 | D:4      | Noticed leafyfresh's ghost (weakling OpDe)
  3651 | D:5      | Entered Level 5 of the Dungeon
  3666 | D:5      | Reached skill level 5 in Shields
  3796 | D:5      | Reached XP level 7. HP: 61/61 MP: 6/6
  3870 | D:5      | Noticed Grinder
  3928 | D:5      | Found a glowing drain.
  3949 | Sewer    | Entered a sewer
  4648 | Sewer    | Reached XP level 8. HP: 68/70 MP: 7/7
  5009 | D:5      | Noticed Eustachio
  5027 | D:5      | Killed Eustachio
  5247 | D:5      | Killed Grinder
  5307 | D:5      | Identified the ring "Usetudgh" {Drain rF+ rCorr Dex+4}
  5551 | D:5      | Noticed Ijyb
  5571 | D:5      | Killed Ijyb
  5773 | D:5      | Found a sparkling altar of Nemelex Xobeh.
  6186 | D:6      | Reached XP level 9. HP: 79/79 MP: 8/8
  7038 | D:7      | Reached skill level 10 in Axes
  7426 | D:4      | Killed leafyfresh's ghost
  7603 | D:7      | Found a staircase to the Ecumenical Temple.
  7682 | D:7      | Found a white marble altar of Elyvilon.
  7764 | D:7      | Found a hide-covered altar of Uskayaw.
  8083 | Temple   | Entered the Ecumenical Temple
  8094 | Temple   | Became a worshipper of Warmaster Okawaru
  8306 | D:8      | Noticed a manticore
  8323 | D:8      | Killed a manticore
  8323 | D:8      | Reached * piety under Okawaru
  8457 | D:8      | Reached XP level 10. HP: 90/90 MP: 9/9
  8515 | D:8      | Reached skill level 1 in Evocations
  8568 | D:8      | Reached ** piety under Okawaru
  8575 | D:8      | Identified the +1 chain mail of the Weaver {Will+ Dex+2}
  8577 | D:8      | Noticed a two-headed ogre
  8601 | D:8      | Killed a two-headed ogre
  8669 | D:8      | Noticed a two-headed ogre
  8680 | D:8      | Killed a two-headed ogre
  8680 | D:8      | Reached *** piety under Okawaru
  8737 | D:8      | Noticed a boulder beetle
  8742 | D:8      | Noticed a centaur warrior
  8754 | D:8      | Killed a centaur warrior
  8768 | D:8      | Killed a boulder beetle
  8768 | D:8      | Reached **** piety under Okawaru
  8769 | D:8      | Reached XP level 11. HP: 80/99 MP: 7/10
  8856 | D:8      | Noticed a centaur warrior
  8868 | D:8      | Killed a centaur warrior
  8870 | D:8      | Noticed a five-headed hydra
  8873 | D:8      | Identified 4 scrolls of acquirement
  8873 | D:8      | Acquired 1094 gold pieces
  9158 | D:9      | Acquired the +15 Maxwell's patent armour {-Cast -Tele rElec
                  | Will+ rCorr}
  9158 | D:9      | Found the +15 Maxwell's patent armour {-Cast -Tele rElec
                  | Will+ rCorr}
  9187 | D:9      | Reached skill level 10 in Shields
  9239 | D:9      | Reached skill level 10 in Fighting
  9255 | D:9      | Reached skill level 10 in Armour
  9302 | D:9      | Reached ***** piety under Okawaru
  9642 | D:9      | Found a sacrificial altar of Ru.
  9739 | D:8      | Killed a five-headed hydra
  9739 | D:8      | Received a gift from Okawaru
  9993 | D:8      | Found Anizuq's Magic Scroll Shop.
 10001 | D:8      | Bought a scroll of summoning for 95 gold pieces
 10001 | D:8      | Bought a scroll of fog for 40 gold pieces
 10001 | D:8      | Bought a scroll of blinking for 75 gold pieces
 10001 | D:8      | Bought a scroll of enchant weapon for 75 gold pieces
 10001 | D:8      | Bought 2 scrolls of identify for 40 gold pieces
 10001 | D:8      | Bought a scroll of brand weapon for 95 gold pieces
 10001 | D:8      | Bought a scroll of identify for 20 gold pieces
 10001 | D:8      | Acquired the +3 pair of gauntlets of War {Slay+5}
 10001 | D:8      | Found the +3 pair of gauntlets of War {Slay+5}
 10264 | D:10     | Entered Level 10 of the Dungeon
 10303 | D:10     | Found a staircase to the Lair.
 10446 | D:10     | Got Sif Muna's Almanac of the Pyromaniac and Superposition
 10939 | Lair:1   | Entered Level 1 of the Lair of Beasts
 11120 | Lair:1   | Reached XP level 12. HP: 108/108 MP: 11/11
 11138 | Lair:1   | Noticed Urug
 11147 | Lair:1   | Killed Urug
 11148 | Lair:1   | Reached skill level 5 in Evocations
 11210 | Lair:1   | Noticed Amaemon
 11213 | Lair:1   | Reached skill level 15 in Axes
 11223 | Lair:1   | Killed Amaemon
 11224 | Lair:1   | Reached skill level 1 in Throwing
 11363 | Lair:1   | Identified the +1 pair of boots "Bograck" {Str+5 Slay-6}
                  | (Okawaru gifted it to you on level 1 of the Lair of Beasts)
 11363 | Lair:1   | Received a gift from Okawaru
 11810 | Lair:2   | Reached XP level 13. HP: 114/117 MP: 12/12
 12089 | Lair:2   | Received a gift from Okawaru
 12176 | Lair:2   | Acquired the +8 orange crystal plate armour {Archmagi,
                  | Int+3 Clar}
 12176 | Lair:2   | Found the +8 orange crystal plate armour {Archmagi, Int+3
                  | Clar}
 12191 | Lair:2   | Reached ****** piety under Okawaru
 12314 | Lair:2   | Received a gift from Okawaru
 12529 | Lair:2   | Found a staircase to the Swamp.
 12999 | Lair:3   | Received a gift from Okawaru
 13126 | Lair:3   | Found a hole to the Spider Nest.
 13621 | Lair:4   | Reached skill level 5 in Throwing
 13621 | Lair:4   | Noticed Josephine
 13630 | Lair:4   | Killed Josephine
 13672 | Lair:4   | Found a viscous altar of Jiyva.
 13784 | Lair:4   | Found a staircase to the Slime Pits.
 13789 | Lair:4   | Reached skill level 1 in Invocations
 14108 | Lair:4   | Reached XP level 14. HP: 129/129 MP: 14/14
 14267 | Lair:5   | Entered Level 5 of the Lair of Beasts
 14272 | Lair:5   | Received a gift from Okawaru
 14561 | Lair:5   | Found a large runed translucent door.
 14561 | Lair:5   | Found a large runed translucent door.
 14872 | Lair:5   | Reached skill level 5 in Invocations
 15617 | D:11     | Noticed Sonja
 15621 | D:11     | Killed Sonja
 15621 | D:11     | Received a gift from Okawaru
 15632 | D:11     | Found a staircase to the Orcish Mines.
 15791 | D:11     | Found a shimmering altar of Xom.
 16359 | D:12     | Found a transporter.
 16361 | D:12     | Found a transporter.
 16362 | D:12     | Noticed Lysca's ghost (journeyman FoSu)
 16838 | D:12     | Reached XP level 15. HP: 115/138 MP: 19/19
 16838 | D:12     | Killed Lysca's ghost
 16848 | D:12     | Received a gift from Okawaru
 17236 | D:13     | Noticed Nessos
 17236 | D:13     | Noticed Rupert
 17253 | D:13     | Killed Rupert
 17254 | D:13     | Received a gift from Okawaru
 17255 | D:13     | Found a gate to the Vaults.
 17261 | D:13     | Killed Nessos
 17352 | D:13     | Found a runed translucent door.
 17355 | D:13     | Noticed Ad1ctor's ghost (journeyman MiBe)
 17355 | D:13     | Identified the +7 spear "Wamudooptu" {antimagic, Will+
                  | Dex+3}
 17482 | D:13     | Killed Ad1ctor's ghost
 17486 | D:13     | HP: 6/139 [spriggan/+0 trident (4)]
 17975 | D:14     | Identified the +0 hat of Talesafa {rF+ SInv Stlth+}
                  | (Okawaru gifted it to you on level 14 of the Dungeon)
 17975 | D:14     | Received a gift from Okawaru
 18005 | D:14     | Found a runed translucent gate.
 18006 | D:14     | Found a runed translucent gate.
 18007 | D:14     | Found a runed translucent gate.
 18010 | D:14     | Noticed Jogov's ghost (journeyman DgHW)
 18010 | D:14     | Noticed Baec Wov's ghost (journeyman VSFi)
 18106 | D:14     | Found the +10 dark maul {vorpal}
 18110 | D:14     | Reached skill level 15 in Shields
 18288 | D:14     | Found a bloodstained altar of Trog.
 18307 | D:14     | Reached skill level 15 in Fighting
 18547 | D:14     | Killed Baec Wov's ghost
 18548 | D:14     | Reached skill level 15 in Armour
 18552 | D:14     | Killed Jogov's ghost
 18561 | D:14     | Got Ribodew's Book of Ensorcelling and Beckoning
 18569 | D:14     | Identified the +0 plate armour "Xetu" {Str+5}
 18622 | D:15     | Entered Level 15 of the Dungeon
 18778 | D:15     | Reached skill level 10 in Invocations
 18985 | D:15     | Paralysed by an ogre mage for 2 turns
 18993 | D:15     | Found an opulent altar of Gozag.
 19165 | D:15     | Found a staircase to the Depths.
 19170 | D:15     | Reached XP level 16. HP: 149/149 MP: 22/22
 19252 | D:15     | Found a radiant altar of Vehumet.
 19434 | D:15     | Received a gift from Okawaru
 19624 | Orc:1    | Entered Level 1 of the Orcish Mines
 19915 | Orc:1    | Noticed Nergalle
 19943 | Orc:1    | Killed Nergalle
 20190 | Orc:2    | Entered Level 2 of the Orcish Mines
 20200 | Orc:2    | Found a staircase to the Elven Halls.
 20701 | Orc:2    | Received a gift from Okawaru
 20831 | Orc:2    | Found Zeuptul's Weapon Emporium.
 20831 | Orc:2    | Found Gerew's General Store.
 20833 | Orc:2    | Found Penk's Antique Weapon Boutique.
 20835 | Orc:2    | Found Xogaud's Armour Shoppe.
 21068 | Swamp:1  | Entered Level 1 of the Swamp
 21804 | Swamp:2  | Identified the +13 plate armour of the Bard {Str+3}
                  | (Okawaru gifted it to you on level 2 of the Swamp)
 21804 | Swamp:2  | Received a gift from Okawaru
 22843 | Swamp:3  | Reached XP level 17. HP: 108/160 MP: 23/23
 23024 | Swamp:3  | Received a gift from Okawaru
 23318 | Swamp:4  | Entered Level 4 of the Swamp
 23603 | Swamp:4  | Got a decaying rune of Zot
 24235 | Spider:1 | Entered Level 1 of the Spider Nest
 24253 | Spider:1 | Received a gift from Okawaru
 24654 | Spider:1 | Identified the +2 leather armour "Yreu" {Harm +Blink}
 24722 | Spider:1 | Reached skill level 10 in Throwing
 25249 | Spider:2 | You fall into a shaft and drop 1 floor!
 25395 | Spider:3 | Reached XP level 18. HP: 165/172 MP: 24/24
 25602 | Spider:3 | Noticed Agnes
 25612 | Spider:3 | Noticed Asterion
 25621 | Spider:3 | Killed Agnes
 25632 | Spider:3 | Killed Asterion
 25853 | Spider:4 | Entered Level 4 of the Spider Nest
 26166 | Spider:4 | Identified the +5 broad axe "Roann" {drain, rF+} (Okawaru
                  | gifted it to you on level 4 of the Spider Nest)
 26166 | Spider:4 | Received a gift from Okawaru
 26280 | Spider:4 | Slain by a jumping spider simulacrum

Illustrated notes

Levels and vault maps discovered:
D:1:      nzn_arrival_crosshair, layout_rooms, basic_ecumenical_altar
D:2:      layout_basic, serial_shops, nicolae_shop_window_shopping,
          minmay_misc_feat_more_columns
D:3:      layout_basic, grunt_temple_overflow_open, grunt_ministairs_15,
          uniq_terence
D:4:      layout_loops_corners, kennysheep_mini_moat,
          makhleb_blood_cavern_becter, gammafunk_ghost_necromancy
D:5:      nicolae_cairo_tiling_large, layout_rooms, nemelex_dance_club_becter,
          gup_sewer_entry_glass, chequers_serial_rivers_room_b, uniq_eustachio,
          uniq_ijyb, uniq_grinder
D:6:      layout_gridville, minmay_misc_feat_square,
          chequers_serial_rivers_micro_c, minivault_10
D:7:      layout_basic, nicolae_uskayaw_suspiria,
          mainiacjoe_overflow_small_starburst,
          minmay_temple_entry_drinking_statues
D:8:      nzn_winding_woodlands_stair_cross
          [nzn_winding_woodlands_5x15_longhouse,
          nzn_winding_woodlands_center_pierced_h,
          nzn_winding_woodlands_5x15_split_checker,
          nzn_winding_woodlands_hourglass,
          nzn_winding_woodlands_5x5_closed_star,
          nzn_winding_woodlands_5x15_zeroes, nzn_winding_woodlands_center_lodge,
          nzn_winding_woodlands_5x15_parted], layout_loops_cross, serial_shops,
          shop
D:9:      layout_roguey, nicolae_ru_the_path_less_chosen, hangedman_fish_farm
D:10:     layout_roguey, david_lair_shrubbed
D:11:     layout_basic, orc_0_dummy, dreamdust_princess_bridge,
          serial_bayou_pond_a, eino_tiny_chamber, kennysheep_diamond, uniq_sonja
D:12:     layout_long_grid, gammafunk_ghost_smash
D:13:     layout_loops_ring, david_vaults_3, ebering_ghost_funeral_grove
D:14:     minmay_roctagon, layout_stronghold, serial_column_ruins,
          column_ruins_hut, column_ruins_open_tiny, column_ruins_open_tiny,
          column_ruins_open_medium, gammafunk_ghost_cemetery,
          trog_butcher_becter
D:15:     gammafunk_enter_depths_forms, layout_loops_ring,
          nicolae_gozag_seed_capital, vehumet_crystals, uniq_rupert
Temple:   eino_temple_water
Lair:1:   layout_cave_shapes, infiniplex_staircase_pool_2, uniq_amaemon,
          uniq_urug
Lair:2:   layout_chaotic_city, nicolae_swamp_entry_splash_gauntlet,
          dreamdust_gnoll_shepherd, grunt_megastairs_5
Lair:3:   layout_concentric_octagons, spider_nest_entry_web_field,
          gammafunk_lair_bear_cave
Lair:4:   layout_roguey, minmay_slime_entry_oklob_open, minivault_26,
          kennysheep_basilisk_garden, uniq_josephine
Lair:5:   cheibrodos_lair_end_hotspot, layout_concentric_octagons,
          gauntlet_entry_generic, chequers_serial_rivers_small_a
Swamp:1:  layout_falls_marsh, evilmike_swamp_ruin_house_1, st_swamp_ruins_3
Swamp:2:  layout_falls_marsh, hangedman_swamp_pad, swamp_pool4,
          nicolae_swamp_triple_paths, nicolae_swamp_soggy_hallways
Swamp:3:  layout_falls_marsh, evilmike_swamp_ruin_rubble_2
Swamp:4:  swamp, layout_basic_swamp, swamp_pool3
Spider:1: nicolae_spider_mines_3
Spider:2: layout_spider_delve
Spider:3: layout_spider_delve, uniq_agnes, uniq_asterion
Spider:4: guppyfry_spider_rune
Orc:1:    layout_diamond_mine, uniq_nergalle
Orc:2:    st_orc_rangers, layout_diamond_mine, basic_altar

Skill      XL: |  1  2  3  4  5  6  7  8  9 10 11 12 13 14 15 16 17 |
---------------+----------------------------------------------------+-----
Axes           | 3 4 5 6 7 9 11 12 14 16 17 18 | 18.0
Armour         | 4 5 6 7 8 9 10 11 13 14 15 16 18 | 18.9
Fighting       | 4 5 6 7 8 9 10 11 13 14 15 16 18 | 18.8
Shields        | 4 5 6 7 8 9 10 12 13 14 15 16 18 | 18.9
Evocations     | 3 4 5 |  5.0
Throwing       | 3 5 8 10 | 10.0
Invocations    | 1 7 10 | 10.0

Action                   |  1- 3 |  4- 6 |  7- 9 | 10-12 | 13-15 | 16-18 || total
-------------------------+-------+-------+-------+-------+-------+-------++-------
Melee: War axe           |    75 |    94 |   342 |   275 |       |       ||   786
       Headbutt          |    11 |    12 |    49 |    88 |   178 |   257 ||   595
       Broad axe         |       |       |       |   165 |   822 |  1199 ||  2186
       Unarmed           |       |       |       |     8 |       |       ||     8
Throw: Javelin           |     1 |       |       |     1 |       |       ||     2
Invok: Heroism           |       |       |       |    10 |     7 |     7 ||    24
       Finesse           |       |       |       |       |     3 |     7 ||    10
  Use: Scroll            |     1 |     3 |     8 |    13 |     6 |     2 ||    33
       Potion            |       |       |     1 |     1 |       |       ||     2
 Stab: Held in net/web   |       |       |       |       |     1 |       ||     1
Armor: Scale mail        |    23 |     5 |       |       |       |       ||    28
       Chain mail        |       |     4 |       |       |       |       ||     4
       Plate armour      |       |    41 |   138 |   233 |   387 |   774 ||  1573
       Skin              |       |       |       |    38 |       |       ||    38
Dodge: Dodged            |    40 |    48 |   142 |   216 |   162 |   286 ||   894
Block: Buckler           |    16 |    12 |    75 |   149 |    22 |       ||   274
       Kite shield       |       |       |       |       |   392 |   851 ||  1243
